AoeStats
← T115937

Fortress

508508701Analyzed
2v2 RM · 9d ago on Sep 22, 2026· 45m 54s· 4 players
Game mode
Random Map
Map size
Normal (6 player)
Population
200
Speed
Normal
Resources
Standard
Victory
Conquest
Starting age
Dark Age
Ending age
Imperial Age
RankedLock teamsTeams togetherTeam positionsShared explorationLock speedFull tech treeHidden civsTurbo modeCheats
Victory
Defeat
🇦🇷 Inca · Argentina
449
+20
🇫🇷 Byzantines · France
430
+21
🇨🇱 Bulgarians · Chile
595
-23
🇺🇸 Japanese · United States
480
-18
TupacInca 6293
0:28 Loom
6:20 Feudal Age
8:47 Double-Bit Axe
16:43 Castle Age
21:46 Bow Saw
21:20 Horse Collar
24:51 Champi Runner
27:42 Pikeman
34:48 Imperial Age
37:50 Fabric Shields
37:51 Andean Sling
40:05 Halberdier
40:10 Champi Warrior
42:57 Ballistics
ValouTv
6:31 Loom
11:52 Feudal Age
13:57 Double-Bit Axe
13:55 Horse Collar
16:42 Castle Age
14:56 Stone Mining
15:00 Gold Mining
16:16 Wheelbarrow
18:06 Caravan
21:11 Heavy Plow
21:25 Bow Saw
22:52 Hand Cart
27:52 Imperial Age
27:13 Coinage
27:58 Stone Shaft Mining
28:03 Gold Shaft Mining
29:00 Scale Barding Armor
29:07 Forging
30:24 Two-Man Saw
32:19 Logistica
37:00 Elite Cataphract
41:44 Cavalier
42:26 Husbandry
45:54 Paladin
saphi
0:57 Loom
11:53 Feudal Age
12:47 Horse Collar
12:53 Arson
12:58 Double-Bit Axe
13:32 Stone Mining
13:46 Gold Mining
17:00 Man-at-Arms
20:34 Castle Age
21:57 Gold Shaft Mining
21:25 Heavy Plow
21:37 Bow Saw
23:53 Caravan
31:46 Gambesons
32:06 Squires
31:47 Long Swordsman
32:49 Forging
32:40 Scale Mail Armor
32:45 Scale Barding Armor
32:41 Padded Archer Armor
33:45 Pikeman
38:00 Thumb Ring
39:50 Crossbowman
T115937
15:29 Feudal Age
15:59 Arson
26:43 Forging
26:34 Scale Mail Armor
26:39 Scale Barding Armor
26:35 Padded Archer Armor
26:26 Fletching
29:17 Castle Age
28:29 Horse Collar
28:46 Double-Bit Axe
29:34 Pikeman
30:14 Squires
30:00 Gambesons
31:17 Iron Casting
30:58 Chain Mail Armor
31:00 Leather Archer Armor
32:37 Wheelbarrow
31:48 Loom
38:08 Stirrups
38:18 Bodkin Arrow
Connection lost

Rejoining the realm…

Still unreachable

The connection could not be restored.

Session expired

The server has moved on; the page needs a fresh start.